 Dungeon Crawl Stone Soup version 0.25-a0-578-gc91f01c39c (webtiles) character file.

Game seed: 6877840724953292223, levelgen mode: deterministic

44996 inmateoo the Thaumaturge (level 13, 0/77 HPs)
             Began as a Deep Elf Necromancer on Mar 7, 2020.
             Was a High Priest of Hepliaklqana.
             Slain by an elephant (13 damage)
             ... on level 5 of the Lair of Beasts on Mar 8, 2020.
             The game lasted 00:51:57 (26100 turns).

inmateoo the Thaumaturge (Deep Elf Necromancer)    Turns: 26100, Time: 00:51:58

Health: 0/77       AC:  7    Str:  5    XL:     13   Next: 99%
Magic:  31/31      EV: 15    Int: 26    God:    Hepliaklqana [*****.]
Gold:   795        SH:  5    Dex: 15    Spells: 22/36 levels left

rFire    . . .     SeeInvis +   b - +2 dagger (venom)
rCold    . . .     Gourm    .   A - +0 buckler
rNeg     . . .     Faith    .   j - +0 leather armour
rPois    .         Spirit   .   H - +2 hat
rElec    .         Reflect  .   E - +0 cloak
rCorr    .         Harm     .   (no gloves)
MR       +....                  J - +0 pair of boots
Stlth    +++++.....             (no amulet)
HPRegen  0.22/turn              y - ring of stealth
MPRegen  0.22/turn              q - ring of see invisible

@: no status effects
A: reduced essence
a: Recall Ancestor, Ancestor Identity, Transference, Idealise, Renounce Religion


You were on level 5 of the Lair of Beasts.
You worshipped Hepliaklqana.
Hepliaklqana was extremely pleased with you.
You were not hungry.

You visited 2 branches of the dungeon, and saw 17 of its levels.

You collected 935 gold pieces.
You spent 140 gold pieces at shops.

Inventory:

Hand Weapons
 b - a +2 dagger of venom (weapon)
 g - a +2 dagger of chaos
 m - a +0 trident
Armour
 j - a +0 leather armour (worn)
 A - a +0 buckler (worn)
 E - a +0 cloak (worn)
 H - a +2 hat (worn)
 J - a +0 pair of boots (worn)
 P - the +1 ring mail of Aruymiw Xusi {-Tele rPois rF+ rCorr}
   (You found it on level 4 of the Lair of Beasts)

   It protects you from fire.
   It protects you from poison.
   It prevents most forms of teleportation.
   It provides partial protection from all sources of acid and corrosion.
   If you switch to wearing this armour, your AC will increase by 3 (7 -> 10).
Magical Staves
 S - an uncursed staff of earth
Jewellery
 q - a ring of see invisible (right hand)
 y - a ring of stealth (left hand)
 D - an uncursed ring of positive energy
 M - an uncursed ring of wizardry
Wands
 v - a wand of acid (9)
 x - a wand of flame (13)
 C - a wand of disintegration (11)
 I - a wand of random effects (19)
 N - a wand of paralysis (10)
 O - a wand of scattershot (3)
Scrolls
 d - 7 scrolls of teleportation
 e - 5 scrolls of amnesia
 f - 10 scrolls of identify
 h - 8 scrolls of remove curse
 i - 2 scrolls of blinking
 p - 2 scrolls of fog
 B - a scroll of magic mapping
 R - a scroll of enchant weapon
Potions
 a - a potion of stabbing
 k - a potion of resistance
 l - 4 potions of flight
 o - 2 potions of might
 s - a potion of magic
 u - 3 potions of mutation
 w - 2 potions of brilliance
 z - a potion of heal wounds
 F - 2 potions of cancellation
 Q - a potion of lignification
Miscellaneous
 G - a lamp of fire
 K - a box of beasts
Comestibles
 c - 24 rations


   Skills:
 + Level 12.1 Fighting
 - Level 7.0 Short Blades
 - Level 7.0 Dodging
 - Level 10.0 Stealth
 - Level 4.0 Shields
 + Level 12.2 Spellcasting
 - Level 10.0 Necromancy
 + Level 8.3 Invocations
 + Level 7.4 Evocations


You had 22 spell levels left.
You knew the following spells:

 Your Spells              Type           Power        Failure   Level  Hunger
a - Pain                  Necr           ####         1%          1    None
b - Animate Skeleton      Necr           N/A          1%          1    None
c - Vampiric Draining     Necr           ######....   1%          3    None
d - Animate Dead          Necr           N/A          1%          4    None
e - Agony                 Necr           ######..     2%          5    ###....

Your spell library contained the following spells:

 Spells                   Type           Power        Failure   Level  Hunger
 Apportation              Tloc           ###...       6%          1    None
 Corona                   Hex            ###....      6%          1    None
 Summon Small Mammal      Summ           ###.         6%          1    None
 Confusing Touch          Hex            ###.....     19%         3    None
 Gell's Gravitas          Tloc           ###.......   19%         3    None
 Petrify                  Tmut/Erth      ###.....     52%         4    None
 Metabolic Englaciation   Hex/Ice        ###.......   86%         5    ###....
 Yara's Violent Unravell  Hex/Tmut       ###.......   86%         5    ###....


Dungeon Overview and Level Annotations

Branches:
Dungeon (11/15)            Temple (0/1) D:6            Lair (6/6) D:8
  Swamp (0/4) Lair:4        Snake (0/4) Lair:4        Slime (0/5) Lair:5
    Orc (0/2) D:10

Altars:
Ashenzari
Hepliaklqana
Nemelex Xobeh
Okawaru
Qazlal
Ru
Trog
Xom
Yredelemnul
Zin
The Shining One
Jiyva

Shops:
D:7 ?**


Message History

You feel sick.
The blink frog blinks!
You feel sick.
You are no longer poisoned.
The blink frog blinks!
The blink frog blinks!
You see here a black mamba corpse.
Things that are here:
17 arrows; a +3 longbow of flaming All of the chunks of flesh in your inventory have rotted away.
There is a stone staircase leading up, spattered with blood here.
The elephant tramples you!
* * * LOW HITPOINT WARNING * * *
You hold your ground!
The elephant trunk-slaps you.
* * * LOW HITPOINT WARNING * * *
You climb upwards.
There is a stone staircase leading down, spattered with blood here.
Unknown command.
The elephant tramples you!
You die...

### ## #### #.# ### ##.
##..#####.########.######..
##.#.#.##.#@..#..P..#..#..P.
#.......÷...Y...............
#......P.#..>...#...#.#.##..
#.....P.####....##P..#.####.
#....P.......÷..###....####.
##...P#.........##.......#P.
#...PP...#.....###.....+.+.
#...P....#.....##......#P..
#...............###....#...


You could see an elephant.

Vanquished Creatures
  Nessos (Lair:6)
  Josephine (Lair:6)
  3 hydras
  A manticore (D:4)
  3 elephants (Lair:3)
  Joseph (D:7)
  4 black mambas
  10 spiny frogs
  2 rime drakes
  A komodo dragon (Lair:2)
  A troll (D:10)
  Grinder (D:5)
  11 blink frogs
  7 hippogriffs
  A flying skull (D:11)
  12 yaks
  3 wyverns
  5 vampire mosquitoes
  A warg (D:10)
  A steam dragon (D:10)
  3 water moccasins
  7 porcupines
  5 orc warriors
  A sky beast (D:10)
  A swamp drake (Lair:1)
  A black bear (D:8)
  2 crocodiles
  3 ogres
  6 wolves
  4 centaurs
  8 bullfrogs
  7 scorpions
  9 killer bees
  A bullfrog zombie (D:8)
  A howler monkey (D:6)
  A centaur zombie (D:6)
  A centaur skeleton (D:4)
  4 hounds
  9 orc wizards
  7 orc priests
  A jelly (D:9)
  4 iguanas
  7 worker ants
  A worker ant zombie (D:6)
  7 gnolls
  10 adders
  2 shadow imps (D:6)
  An ooze (D:3)
  4 worms
  An adder skeleton (D:7)
  2 dart slugs (D:1)
  5 leopard geckos
  31 orcs
  A bat skeleton (D:2)
  7 giant cockroaches
  8 hobgoblins
  11 jackals
  13 kobolds
  3 quokkas
  10 bats
  5 frilled lizards
  5 goblins
  A goblin zombie (D:5)
  3 hobgoblin zombies (D:5)
  A jackal zombie (D:2)
  2 kobold zombies (D:5)
  An orc skeleton (D:5)
  2 orc zombies (D:5)
  A quokka zombie (D:2)
  8 rats
  A plant (Lair:5)
310 creatures vanquished.

Vanquished Creatures (collateral kills)
  2 hydras
  2 two-headed ogres (D:10)
  2 death yaks (Lair:5)
  An unseen horror (D:10)
  An oklob plant (Lair:3)
  3 elephants (Lair:3)
  4 black mambas
  9 spiny frogs
  2 komodo dragons
  3 trolls
  Prince Ribbit (D:7)
  A bog body (Lair:4)
  3 hippogriffs
  16 blink frogs
  3 wraiths
  A basilisk (Lair:5)
  20 yaks
  3 vampire mosquitoes
  3 nagas (Lair:4)
  2 insubstantial wisps (Lair:1)
  4 water moccasins
  A porcupine (Lair:4)
  2 ice beasts (D:10)
  3 orc warriors (D:10)
  A sky beast (D:11)
  2 necrophages (D:6)
  2 ogres
  7 wolves
  2 centaurs
  5 crocodiles
  5 bullfrogs
  A wyvern skeleton (D:11)
  A water moccasin skeleton (D:9)
  3 crimson imps
  A hound (D:8)
  An iron imp (D:4)
  A centaur skeleton (D:8)
  An orc priest (D:10)
  2 orc wizards (D:8)
  A worker ant (D:10)
  2 hound skeletons
  An adder (D:7)
  3 shadow imps
  An adder skeleton (D:4)
  16 orcs
  A hobgoblin (D:10)
  2 fungi
  A plant (Lair:3)
155 creatures vanquished.

Vanquished Creatures (others)
  Psyche (D:8)
  21 battlemagi
  10 ancestors
  A bush (Lair:6)
  21 fungi
  57 plants
111 creatures vanquished.

Grand Total: 576 creatures vanquished

Notes
Turn   | Place    | Note
-------+----------+-------------------------------------------
     0 | D:1      | inmateoo the Deep Elf Necromancer began the quest for the
                  | Orb.
     0 | D:1      | Reached XP level 1. HP: 10/10 MP: 6/6
    74 | D:1      | Reached skill level 5 in Necromancy
   336 | D:1      | Reached XP level 2. HP: 15/15 MP: 6/8
   422 | D:1      | Found a shattered altar of Ashenzari.
  1221 | D:1      | Reached skill level 1 in Fighting
  1326 | D:1      | Reached XP level 3. HP: 20/20 MP: 9/9
  1329 | D:1      | Learned a level 1 spell: Animate Skeleton
  1333 | D:1      | Learned a level 3 spell: Vampiric Draining
  1924 | D:2      | Reached XP level 4. HP: 19/25 MP: 7/11
  2431 | D:2      | Learned a level 4 spell: Animate Dead
  3346 | D:3      | Found a faded altar of an unknown god.
  3598 | D:3      | Reached XP level 5. HP: 30/30 MP: 12/12
  4076 | D:4      | Found a basalt altar of Yredelemnul.
  4141 | D:4      | Found a hazy altar of Hepliaklqana.
  4142 | D:4      | Found a bloodstained altar of Trog.
  4388 | D:4      | Reached XP level 6. HP: 26/36 MP: 10/14
  5494 | D:4      | Noticed a manticore
  5539 | D:4      | Found a sacrificial altar of Ru.
  5572 | D:5      | Entered Level 5 of the Dungeon
  5614 | D:5      | Found a glowing golden altar of the Shining One.
  5973 | D:5      | Reached XP level 7. HP: 29/41 MP: 16/16
  6182 | D:5      | Reached skill level 5 in Spellcasting
  6198 | D:5      | Reached skill level 5 in Stealth
  6697 | D:5      | Noticed Grinder
  6810 | D:5      | Found an iron altar of Okawaru.
  6811 | D:5      | Found a stormy altar of Qazlal.
  7476 | D:5      | Learned a level 5 spell: Agony
  7817 | D:6      | Reached XP level 8. HP: 22/48 MP: 11/19
  8058 | D:6      | Reached skill level 5 in Fighting
  8208 | D:4      | Became a worshipper of Hepliaklqana the Forgotten
  8431 | D:6      | Found a staircase to the Ecumenical Temple.
  8801 | D:6      | Found a shimmering altar of Xom.
  8955 | D:7      | Noticed Joseph
  8977 | D:7      | Killed Joseph
  9121 | D:7      | Reached XP level 9. HP: 14/49 MP: 13/22
  9369 | D:7      | Reached * piety under Hepliaklqana
  9540 | D:7      | Found Hygoompo's Assorted Antiques.
  9669 | D:7      | Found Poymaigu's General Store.
  9684 | D:7      | Bought a scroll labeled JESUEN HEKHI for 25 gold pieces
  9684 | D:7      | Bought a scroll of magic mapping for 87 gold pieces
  9696 | D:7      | Bought a scroll of identify for 28 gold pieces
  9990 | D:7      | Found Mexufen's Magic Scroll Boutique.
 10198 | D:7      | Noticed Prince Ribbit
 10203 | D:7      | Killed Prince Ribbit
 10927 | D:8      | Noticed Psyche
 10940 | D:8      | Reached skill level 1 in Invocations
 10941 | D:8      | Killed Psyche
 11296 | D:8      | Reached XP level 10. HP: 53/57 MP: 24/24
 11790 | D:8      | Found a staircase to the Lair.
 12175 | D:8      | Reached ** piety under Hepliaklqana
 12176 | D:8      | Remembered your ancestor Yayatum as a battlemage
 12259 | D:8      | Found a glowing silver altar of Zin.
 12875 | D:9      | Reached skill level 1 in Shields
 12878 | D:9      | Reached skill level 5 in Dodging
 13131 | D:10     | Entered Level 10 of the Dungeon
 13221 | D:10     | Noticed an unseen horror
 13226 | D:10     | Killed an unseen horror
 13705 | D:10     | Noticed a five-headed hydra
 13956 | D:10     | Killed a five-headed hydra
 13956 | D:10     | Reached XP level 11. HP: 12/62 MP: 20/26
 14550 | D:10     | Found a staircase to the Orcish Mines.
 14727 | D:10     | Noticed a two-headed ogre
 14737 | D:10     | Killed a two-headed ogre
 14737 | D:10     | Reached skill level 10 in Stealth
 14737 | D:10     | Reached skill level 10 in Spellcasting
 14869 | D:10     | Reached skill level 5 in Invocations
 15192 | D:10     | Noticed a two-headed ogre
 15199 | D:10     | Killed a two-headed ogre
 15716 | D:5      | Killed Grinder
 16102 | D:11     | Reached *** piety under Hepliaklqana
 16104 | D:11     | Noticed a cyan ugly thing
 16330 | D:11     | Found a sparkling altar of Nemelex Xobeh.
 16342 | D:11     | Reached skill level 1 in Evocations
 16408 | D:11     | Noticed a green ugly thing
 16888 | Lair:1   | Entered Level 1 of the Lair of Beasts
 17631 | Lair:1   | Reached skill level 10 in Necromancy
 18343 | Lair:2   | Reached skill level 10 in Fighting
 18343 | Lair:2   | Reached XP level 12. HP: 61/69 MP: 28/28
 18514 | Lair:2   | Noticed a six-headed hydra
 18526 | Lair:2   | Killed a six-headed hydra
 18574 | Lair:2   | Reached skill level 1 in Short Blades
 19755 | Lair:3   | Reached **** piety under Hepliaklqana
 20003 | Lair:3   | Reached skill level 5 in Evocations
 20527 | Lair:3   | Noticed a six-headed hydra
 20551 | Lair:3   | Killed a six-headed hydra
 20722 | Lair:3   | Noticed a death yak
 20880 | Lair:3   | Noticed a death yak
 21115 | Lair:4   | Noticed an eight-headed hydra
 21123 | Lair:4   | Killed an eight-headed hydra
 21209 | Lair:4   | Found a staircase to the Snake Pit.
 21510 | Lair:4   | Got a pitted ring mail
 21537 | Lair:4   | Identified the +1 ring mail of Aruymiw Xusi {-Tele rPois
                  | rF+ rCorr} (You found it on level 4 of the Lair of Beasts)
 21677 | Lair:4   | Found a staircase to the Swamp.
 21913 | Lair:5   | Reached ***** piety under Hepliaklqana
 21954 | Lair:5   | Found a viscous altar of Jiyva.
 21954 | Lair:5   | Found a staircase to the Slime Pits.
 21965 | Lair:5   | Reached XP level 13. HP: 44/74 MP: 22/30
 23045 | Lair:6   | Entered Level 6 of the Lair of Beasts
 23588 | Lair:5   | Reached skill level 5 in Short Blades
 23979 | Lair:6   | Noticed Nessos
 23990 | Lair:6   | Killed Nessos
 24331 | Lair:6   | Noticed Josephine
 24579 | Lair:6   | Killed Josephine
 26100 | Lair:5   | Slain by an elephant

Levels and vault maps discovered:
D:1:      nicolae_arrival_memento_mori, layout_loops_ring,
          evilmike_ruin_ashenzari
D:2:      layout_basic, first_ration, serial_undead, serial_undead_a,
          serial_undead_e, serial_undead_b, serial_undead_c
D:3:      layout_basic, chequers_ecumenical_altar_simple_redux,
          minmay_hedge_maze
D:4:      layout_basic, nicolae_ru_the_path_less_chosen,
          yredelemnul_altar_generic, gammafunk_temple_overflow_pools,
          minmay_small_thing
D:5:      layout_gridville, gammafunk_temple_overflow_statue,
          nicolae_tso_besieged_by_evil, uniq_grinder
D:6:      layout_loops_cross, minmay_temple_entry_statues_fountains, basic_altar
D:7:      layout_loops_ring, serial_shops, shop_scrolls, shop, shop,
          uniq_joseph, uniq_prince_ribbit1
D:8:      layout_basic, grunt_lair_entry_orc_guard_hut, basic_altar,
          grunt_ogre_cave, eino_tiny_chamber, uniq_psyche
D:9:      layout_roguey
D:10:     layout_basic, erik_orc_3
D:11:     hangedman_screamer, layout_rooms, basic_altar
Lair:1:   layout_loops_ring, st_stairs_6, chequers_serial_rivers_micro_b, pond,
          grunt_megastairs_1
Lair:2:   layout_chaotic_city
Lair:3:   layout_small_grid, minmay_lair_oklob_chamber
Lair:4:   layout_cave_shapes, skrybe_swamp_entry_bodies,
          guppyfry_snake_entry_garden, st_stairs_4
Lair:5:   layout_regular_city, slime_altar_1, hibernation_bobbens
Lair:6:   minmay_lair_end_frog_pond, layout_gridlike, serial_bayou_shore_a,
          uniq_josephine, uniq_rupert, uniq_nessos

Skill      XL: |  1  2  3  4  5  6  7  8  9 10 11 12 13 |
---------------+----------------------------------------+-----
Necromancy     | 5 6 7 8 10 | 10.0
Fighting       | 1 2 3 4 6 8 10 12 | 12.1
Stealth        | 3 4 5 7 8 9 10 | 10.0
Dodging        | 3 5 7 |  7.0
Spellcasting   | 4 6 7 8 9 10 11 12 | 12.2
Invocations    | 2 4 6 7 8 |  8.3
Shields        | 2 4 |  4.0
Evocations     | 4 6 7 |  7.4
Short Blades   | 4 7 |  7.0

Action                   |  1- 3 |  4- 6 |  7- 9 | 10-12 | 13-15 || total
-------------------------+-------+-------+-------+-------+-------++-------
Melee: Dagger            |    73 |   135 |   119 |   312 |   182 ||   821
       Trident           |       |    28 |       |       |       ||    28
       Mace              |       |       |    17 |       |       ||    17
       Scythe            |       |       |    11 |       |       ||    11
 Cast: Pain              |    15 |    54 |    42 |   193 |    46 ||   350
       Vampiric Draining |     4 |    11 |    42 |    50 |    66 ||   173
       Animate Skeleton  |       |       |     4 |     5 |     1 ||    10
       Agony             |       |       |       |     6 |       ||     6
Invok: Recall Ancestor   |       |       |     4 |     3 |     2 ||     9
       Ancestor Life: Ba |       |       |       |     1 |       ||     1
Evoke: Wand              |       |       |     6 |    14 |     7 ||    27
       Tin of tremorston |       |       |       |       |     1 ||     1
  Use: Scroll            |     4 |     3 |    12 |     9 |       ||    28
       Potion            |       |       |     2 |     4 |     1 ||     7
 Stab: Sleeping          |     1 |     4 |     7 |    25 |     2 ||    39
       Distracted        |       |     2 |       |     4 |     3 ||     9
       Invisible         |       |       |       |     1 |       ||     1
       Paralysed         |       |       |       |       |     2 ||     2
  Eat: Chunk             |     3 |    12 |    14 |    28 |    10 ||    67
       Ration            |       |       |     1 |     2 |     1 ||     4
Armor: Robe              |     8 |     2 |       |       |       ||    10
       Leather armour    |       |    39 |    43 |    77 |    46 ||   205
       Skin              |       |       |       |     5 |       ||     5
Dodge: Dodged            |    53 |   134 |   125 |   265 |   159 ||   736
Block: Buckler           |       |       |       |    36 |    47 ||    83

Table legend:
 A = Non-vault XP
 B = Vault XP
 C = Vault XP percentage of total XP
 D = Non-vault monster count
 E = Vault monster count
 F = Vault count percentage of total count
                 A         B        C        D         E       F
            +---------+---------+-------+---------+---------+-------
      Total |   46342 |   17938 |  27.9 |     370 |      92 |  19.9
            +---------+---------+-------+---------+---------+-------
        D:1 |      42 |       0 |   0.0 |      24 |       0 |   0.0
        D:2 |      96 |       4 |   4.0 |      25 |       3 |  10.7
        D:3 |      98 |       0 |   0.0 |      25 |       0 |   0.0
        D:4 |     476 |     605 |  56.0 |      19 |       3 |  13.6
        D:5 |     402 |     276 |  40.7 |      14 |      10 |  41.7
        D:6 |    1049 |       0 |   0.0 |      16 |       0 |   0.0
        D:7 |     915 |     754 |  45.2 |      19 |       2 |   9.5
        D:8 |    1846 |    1369 |  42.6 |      42 |       9 |  17.6
        D:9 |    1615 |       0 |   0.0 |      23 |       0 |   0.0
       D:10 |    5897 |     552 |   8.6 |      32 |      15 |  31.9
       D:11 |    1201 |     285 |  19.2 |      13 |       2 |  13.3
     Lair:1 |    2956 |    2161 |  42.2 |      12 |      11 |  47.8
     Lair:2 |    4199 |       0 |   0.0 |      17 |       0 |   0.0
     Lair:3 |    6597 |     587 |   8.2 |      18 |       1 |   5.3
     Lair:4 |    2467 |     752 |  23.4 |      11 |       4 |  26.7
     Lair:5 |   11062 |    2336 |  17.4 |      40 |       8 |  16.7
     Lair:6 |    5424 |    8257 |  60.4 |      20 |      24 |  54.5
            +---------+---------+-------+---------+---------+-------
